 Dungeon Crawl Stone Soup version 0.19.0-23-gf02e663 (webtiles) character file.

2634 ImaNewbie the Carver (level 9, -4/69 HPs)
             Began as a Demonspawn Gladiator on Nov 20, 2016.
             Was a Believer of Ashenzari.
             Killed by divine providence
             ... invoked by an orc priest
              (17 damage)
             ... on level 6 of the Dungeon.
             The game lasted 00:31:19 (8911 turns).

ImaNewbie the Carver (Demonspawn Gladiator)         Turns: 8911, Time: 00:31:20

Health: -4/69      AC:  9    Str: 15    XL:     9   Next: 35%
Magic:  16/16      EV: 15    Int: 10    God:    Ashenzari [**....]
Gold:   235        SH:  0    Dex: 19    Spells: 3 memorised, 11 levels left

rFire  . . .     SeeInvis .     a - +1 long sword
rCold  . . .     Gourm    .     z - +0 steam dragon scales (curse)
rNeg   . . .     Faith    .     (no shield)
rPois  .         Spirit   .     c - +0 helmet (curse)
rElec  .         Reflect  .     (no cloak)
rCorr  .         Harm     .     t - +0 pair of gloves (curse)
MR     +....                    (no boots)
Stlth  +.........               (no amulet)
                                u - ring of protection from magic
                                B - +2 ring of dexterity

@: no status effects
A: hooves 2, icy blue scales 1, rot immunity
a: Curse Item, Scrying, Renounce Religion


You were on level 6 of the Dungeon.
You worshipped Ashenzari.
Ashenzari was pleased with you.
You were hungry.

You visited 1 branch of the dungeon, and saw 6 of its levels.

You collected 235 gold pieces.

Inventory:

Hand Weapons
 a - a +1 long sword (weapon)
 b - a +0 blowgun
Missiles
 d - 2 throwing nets (quivered)
 o - 5 javelins of penetration
 s - 82 poisoned needles
Armour
 c - a cursed +0 helmet (worn)
 t - a cursed +0 pair of gloves (worn)
 z - cursed +0 steam dragon scales (worn)
Jewellery
 u - a ring of protection from magic (right hand)
 B - a +2 ring of dexterity (left hand)
Wands
 q - a wand of disintegration (4/24)
 D - a wand of teleportation (6/9)
Scrolls
 v - a scroll of teleportation
 x - 2 scrolls of remove curse
 y - a scroll of identify
 A - a scroll of magic mapping {unknown}
Potions
 e - a potion of resistance
 h - a potion of haste {unknown}
 i - a potion of brilliance {unknown}
 l - 6 potions of agility
 m - a potion of flight
 n - 2 potions of degeneration {unknown}
 p - 2 potions of lignification
Books
 C - a book of Minor Magic

   Spells                             Type                      Level
   a - Magic Dart                     Conjuration                  1
   b - Blink                          Translocation                2
   c - Call Imp                       Summoning                    2
   d - Repel Missiles                 Charms/Air                   2
   e - Slow                           Hexes                        2
   f - Conjure Flame                  Conjuration/Fire             3
   g - Mephitic Cloud                 Conjuration/Poison/Air       3
Comestibles
 f - 4 bread rations
 g - 2 meat rations
 j - 5 fruits


   Skills:
 - Level 6.0 Fighting
 - Level 8.0 Long Blades
 - Level 1.7 Throwing
 - Level 2.6(3.9) Dodging
 - Level 5.0 Spellcasting
 + Level 3.5 Conjurations
 + Level 3.7 Poison Magic


You had 11 spell levels left.
You knew the following spells:

 Your Spells              Type           Power        Failure   Level  Hunger
a - Blink                 Tloc           N/A          38%         2    ##.....
b - Repel Missiles        Chrm/Air       #.....       38%         2    ##.....
c - Mephitic Cloud        Conj/Pois/Air  #.......     28%         3    ###....


Dungeon Overview and Level Annotations

Branches:
Dungeon (6/15)             Temple (0/1) D:5

Altars:
Ashenzari
Cheibriados
Sif Muna
Uskayaw
Xom
Zin

Shops:
D:5 :

Annotations:
D:4 exclusion: downstairs


Innate Abilities, Weirdness & Mutations

You have hoof-like feet.
You are partially covered in icy blue scales. (AC +2)
You are immune to rotting.


Message History

You barely miss the orc priest.
You kick the orc priest, but do no damage.
The orc priest is severely wounded.
You hit the orc priest. Your kick misses the orc priest.
The orc priest is almost dead.
The orc priest closely misses you.
You barely miss the orc priest.
You kick the orc priest, but do no damage.
The orc priest is almost dead.
The orc priest invokes the aid of Beogh against you.
Beogh smites you!
* * * LOW HITPOINT WARNING * * *
You barely miss the orc priest. Your kick misses the orc priest.
The orc priest is almost dead.
The orc priest closely misses you.
You barely miss the orc priest. Your kick misses the orc priest.
The orc priest is almost dead.
The orc priest calls down the wrath of Beogh upon you.
Beogh smites you!
You die...

#....oo{)..######## # *
#.##.#####........# #
,, #. #........# # , ,
,..* ##.#####.# # ###*
#.##....# # *
#.##.##.## # ,
#######.##.##..## # *
#...............######
, ,
#....@o..#.#.._.....).
* *
#...<....#.##.........
*
#........#.####.......
*,
*#........#.####.#####.
,
,######.###.........##.
* * #.# ###..#.##.##. ,
* *#.# *#..#.##.##. ,..
......##.##. ** ** #
###..####.###


You could see an orc priest.

Vanquished Creatures
  Pikel (D:5)
  Grinder (D:5)
  Eustachio (D:6)
  Menkaure (D:5)
  An orc warrior (D:5)
  2 slaves
  2 sky beasts (D:6)
  2 ice beasts (D:5)
  A phantom (D:5)
  3 ogres
  A centaur (D:5)
  Dowan (D:5)
  3 scorpions
  2 howler monkeys
  2 crimson imps
  3 jellies (D:5)
  2 orc priests (D:5)
  A hound (D:4)
  A bullfrog skeleton (D:5)
  An iguana (D:6)
  3 orc wizards
  A worker ant (D:4)
  Robin (D:1)
  6 adders
  A gnoll (D:5)
  A shadow imp (D:5)
  2 adder skeletons
  A worm (D:3)
  A dart slug (D:4)
  7 leopard geckos
  14 orcs
  A ball python (D:1)
  9 bats
  4 giant cockroaches
  17 goblins
  11 hobgoblins
  3 jackals (D:6)
  5 kobolds
  2 quokkas
  A leopard gecko zombie (D:6)
  A quokka skeleton (D:4)
  A quokka zombie (D:5)
  9 rats
134 creatures vanquished.

Vanquished Creatures (others)
  Duvessa (D:5)
  2 slaves (D:5)
  A centaur (D:5)
4 creatures vanquished.

Grand Total: 138 creatures vanquished

Notes
Turn   | Place    | Note
-------+----------+-------------------------------------------
     0 | D:1      | ImaNewbie the Demonspawn Gladiator began the quest for the Orb.
     0 | D:1      | Reached XP level 1. HP: 16/16 MP: 1/1
   105 | D:1      | Reached skill level 3 in Long Blades
   120 | D:1      | Found a shattered altar of Ashenzari.
   143 | D:1      | Became a worshipper of Ashenzari the Shackled
   151 | D:1      | Gained mutation: You are immune to rotting. [demonic ancestry]
   151 | D:1      | Reached XP level 2. HP: 20/22 MP: 2/2
   945 | D:2      | Reached XP level 3. HP: 27/27 MP: 3/3
   983 | D:2      | Noticed Robin
  1015 | D:1      | Reached skill level 4 in Long Blades
  1091 | D:1      | Killed Robin
  1558 | D:2      | Gained mutation: You are partially covered in icy blue scales. (AC +2) [demonic ancestry]
  1558 | D:2      | Reached XP level 4. HP: 33/33 MP: 4/4
  1714 | D:2      | Reached * piety under Ashenzari
  1805 | D:2      | Found a deep blue altar of Sif Muna.
  2425 | D:3      | Reached skill level 5 in Long Blades
  2969 | D:4      | Reached XP level 5. HP: 21/38 MP: 5/5
  3245 | D:4      | Found a glowing silver altar of Zin.
  3712 | D:4      | Reached skill level 6 in Long Blades
  3951 | D:5      | Entered Level 5 of the Dungeon
  3959 | D:5      | Reached XP level 6. HP: 44/44 MP: 6/6
  4620 | D:5      | Noticed Pikel
  4620 | D:5      | Noticed a slave
  4620 | D:5      | Noticed a slave
  4620 | D:5      | Noticed a slave
  4622 | D:5      | Noticed Grinder
  4671 | D:4      | Killed a slave
  4896 | D:4      | Reached skill level 7 in Long Blades
  5242 | D:5      | Killed Grinder
  5242 | D:5      | Gained mutation: You have large cloven feet. [demonic ancestry]
  5242 | D:5      | Reached XP level 7. HP: 23/52 MP: 7/7
  5783 | D:5      | Reached ** piety under Ashenzari
  5850 | D:5      | Reached skill level 5 in Fighting
  5877 | D:5      | Found Hanarest's Book Emporium.
  5899 | D:5      | Gained mutation: You have hoof-like feet. [demonic ancestry]
  5899 | D:5      | Reached XP level 8. HP: 61/62 MP: 8/8
  6108 | D:5      | Noticed Dowan
  6186 | D:5      | Killed Dowan
  6186 | D:5      | Reached skill level 8 in Long Blades
  6365 | D:5      | Learned a level 2 spell: Blink
  6368 | D:5      | Learned a level 2 spell: Repel Missiles
  6372 | D:5      | Learned a level 3 spell: Mephitic Cloud
  6622 | D:5      | Found a staircase to the Ecumenical Temple.
  6667 | D:5      | Killed Pikel
  6967 | D:5      | Noticed Menkaure
  6977 | D:5      | Killed Menkaure
  6977 | D:5      | Reached skill level 5 in Spellcasting
  7053 | D:5      | Killed Duvessa
  7365 | D:5      | Found Hanarest's Book Emporium.
  7907 | D:5      | Reached skill level 1 in Poison Magic
  7979 | D:5      | Reached skill level 1 in Conjurations
  7979 | D:5      | Reached XP level 9. HP: 50/69 MP: 16/16
  8087 | D:6      | Found a shimmering altar of Xom.
  8313 | D:6      | Found a snail-covered altar of Cheibriados.
  8366 | D:6      | Noticed Eustachio
  8386 | D:6      | Killed Eustachio
  8428 | D:6      | Found a hide-covered altar of Uskayaw.
  8428 | D:6      | Noticed a hand axe
  8428 | D:6      | Noticed a hand axe
  8911 | D:6      | Killed from afar by an orc priest

Skill      XL: |  1  2  3  4  5  6  7  8  9 |
---------------+----------------------------+-----
Long Blades    | 3 4 5 6 7 8 |  8.0
Fighting       | 3 5 6 |  6.0
Spellcasting   | 5 |  5.0
Poison Magic   | 1 3 |  3.7
Conjurations   | 1 3 |  3.5
Throwing       | |  1.7
Dodging        | |  2.6

Action                   |  1- 3 |  4- 6 |  7- 9 || total
-------------------------+-------+-------+-------++-------
Melee: Long sword        |   105 |   222 |   258 ||   585
       Kick              |       |       |    97 ||    97
 Fire: Blowgun           |       |       |     7 ||     7
Throw: Throwing net      |       |       |     2 ||     2
Invok: Curse Item        |     1 |     2 |       ||     3
Evoke: Wand              |       |       |     2 ||     2
  Use: Scroll            |     5 |     7 |     2 ||    14
       Potion            |       |       |     3 ||     3
 Stab: Sleeping          |     1 |     2 |       ||     3
       Held in net/web   |       |       |     1 ||     1
       Distracted        |       |       |     1 ||     1
  Eat: Chunk             |     2 |    10 |     7 ||    19
       Beef jerky        |       |     1 |       ||     1
       Meat ration       |       |       |     1 ||     1
Armor: Leather armour    |    36 |    44 |       ||    80
       Steam dragon scal |       |    26 |    68 ||    94
Dodge: Dodged            |    92 |   140 |   165 ||   397
       Rpst.: Long sword |    24 |    47 |    46 ||   117
